 Dungeon Crawl Stone Soup version 0.28-a0-312-gbced6e68ee (webtiles) character file.

Game seed: 4911484386929876866

1 CowFu the Grave Robber (level 1, 0/13 HPs)
             Began as a Demonspawn Necromancer on Aug 31, 2021.
             Slain by a jackal (1 damage)
             ... on level 1 of the Dungeon.
             The game lasted 00:00:18 (83 turns).

CowFu the Grave Robber (Demonspawn Necromancer)       Turns: 83, Time: 00:00:18

Health: 0/13       AC:  2    Str:  8    XL:     1   Next: 16%
Magic:  1/3        EV: 12    Int: 16    God:
Gold:   3          SH:  0    Dex: 13    Spells: 3/4 levels left

rFire   . . .      SeeInvis .   (no weapon)
rCold   . . .      Faith    .   (no shield)
rNeg    . . .      Spirit   .   a - +0 robe
rPois   .          Reflect  .   (no helmet)
rElec   .          Harm     .   (no cloak)
rCorr   .          Rampage  .   (no gloves)
Will    .....                   (no boots)
Stlth   ++........              (no amulet)
HPRegen 0.04/turn               (no ring)
MPRegen 0.08/turn               (no ring)

@: no status effects
A: no striking features
a: no special abilities


You were on level 1 of the Dungeon.
You visited 1 branch of the dungeon, and saw 1 of its levels.

You collected 3 gold pieces.

Inventory:

Armour
 a - a +0 robe (worn)


   Skills:
 - Level 1.7 Dodging
 - Level 1.7 Stealth
 - Level 2.0 Spellcasting
 + Level 4.4 Necromancy


You had 3 spell levels left.
You knew the following spells:

 Your Spells              Type           Power      Damage    Failure   Level
a - Pain                  Necr           60%        1d7       3%          1

Your spell library contained the following spells:

 Spells                   Type           Power      Damage    Failure   Level
 Animate Skeleton         Necr           30%        N/A       3%          1
 Vampiric Draining        Necr           7%         2d7       10%         3
 Animate Dead             Necr           7%         N/A       32%         4
 Agony                    Necr           15%        N/A       67%         5


Dungeon Overview and Level Annotations

Branches:
Dungeon (1/15)

Altars:


Message History

You are too injured to fight recklessly!
Casting: Pain (safe; 3% risk of failure)
Confirm with . or Enter, or press ? or * to list all spells.
Aiming: Pain (safe; 3% risk of failure)
Press: ? - help, Shift-Dir - straight line, f/p - jackal
Aim: a jackal (moderately wounded, chance to affect: 85%)
The jackal barely resists.
The jackal bites you.
* * * LOW HITPOINT WARNING * * *
Casting: Pain (safe; 3% risk of failure)
Confirm with . or Enter, or press ? or * to list all spells.
Aiming: Pain (safe; 3% risk of failure)
Press: ? - help, Shift-Dir - straight line, f/p - jackal
Aim: a jackal (lightly wounded, chance to affect: 85%)
The jackal writhes in agony.
The jackal closely misses you. The jackal misses you.
Casting: Pain (safe; 3% risk of failure)
Confirm with . or Enter, or press ? or * to list all spells.
You don't have enough magic to cast this spell.
Unknown command.
A giant cockroach comes into view.
Found a scroll labelled FIQILI OSO UTI.
A hobgoblin comes into view.
The jackal bites you.
* * * LOW HITPOINT WARNING * * *
A goblin comes into view. It is wielding a +0 club.
A hobgoblin comes into view.
The hobgoblin shouts!
The goblin shouts!
The jackal barely misses you.
A bat comes into view.
Found a faded altar of an unknown god.
The hobgoblin shouts!
The bat misses you.
Found a leather armour.
The jackal bites you.
You die...

#.#... #.# #.#
###+#.#.####.# #.#
...........h.# #.#
.....##B######+#.#
.... #h#........#
..... #.#........#
.....g#.#........#
.....g.g#.........
PP....Pbhh@.......
.♣PP♣♣..####......
.P♣..PP.? +.......
.P._P...# ....
P♣.♣♣... .[. ♣.
♣... #. . .... ...


You could see 2 jackals, 2 hobgoblins, a goblin and a bat.

Vanquished Creatures
  A jackal (D:1)
1 creature vanquished.

Notes
Turn   | Place    | Note
-------+----------+-------------------------------------------
     0 | D:1      | CowFu the Demonspawn Necromancer began the quest for the
                  | Orb.
     0 | D:1      | Reached XP level 1. HP: 13/13 MP: 3/3
    81 | D:1      | Found a faded altar of an unknown god.
    83 | D:1      | Slain by a jackal

Illustrated notes

Levels and vault maps discovered:
D:1:      matt_arrival_los_fun, layout_basic, serial_shops, shop,
          dreamdust_ecumenical_altar_grove, minmay_nonomino_d4

Action                   || total
-------------------------++-------
 Cast: Pain              ||     5
Armor: Robe              ||     4
Dodge: Dodged            ||    13

Table legend: (Time is in decaauts)
 A = Elapsed time spent in this place.
 B = Non-inter-level travel time spent in this place.
 C = Inter-level travel time spent in this place.
 D = Time resting spent in this place.
 E = Time spent auto-exploring this place.
 F = Levels seen in this place.
 G = Mean time per level.
                   A        B        C        D        E       F      G
               +--------+--------+--------+--------+--------+-----+--------+
         Total |     83 |     83 |      0 |      0 |     43 |   1 |   83.0 |
       Dungeon |     83 |     83 |      0 |      0 |     43 |   1 |   83.0 |
               +--------+--------+--------+--------+--------+-----+--------+

Top non-repeatable levels by time:
     D:1: 83 daAuts
